General information
- name: BNet
- type: Ladder team game (AT/RT)
- host: Battle.net
- saver:
map: Deadlands
- players: 8
- length: 41:47
- speed: Fast
- version: 1.26 W3XP
- replay type: Public
» download(258 KB)
Players
team 1 (winner)

»
peaceoff (
pink | 53 APM | 1715 actions | 32:09)
7 Death Knight
3 Death Coil
3 Unholy Aura
1 Animate Dead
6 Lich
3 Frost Nova
2 Frost Armor
1 Death and Decay
» actions
| Assign group hotkey | 79 | |
| Basic commands | 1 | |
| Build / train | 77 | |
| Enter build submenu | 19 | |
| Enter hero's abilities submenu | 13 | |
| Give item / drop item | 7 | |
| Remove unit from queue | 3 | |
| Right click | 490 | |
| Select / deselect | 389 | |
| Select group hotkey | 516 | |
| Use ability | 121 | |
1715 total
» units
| Acolyte | 15 | |
| Ghoul | 4 | |
| Crypt Fiend | 5 | |
| Obsidian Statue | 1 | |
| Frost Wyrm | 8 | |
33 total
» upgrades
| Web | 1 | |
| Creature Attack | 3 | |
| Creature Carapace | 3 | |
7 total
» buildings
| Ziggurat | 10 | |
| Crypt | 1 | |
| Altar of Darkness | 1 | |
| Graveyard | 1 | |
| Tomb of Relics | 1 | |
| Halls of the Dead | 1 | |
| Necropolis | 1 | |
| Black Citadel | 1 | |
| Spirit Tower | 1 | |
| Sacrificial Pit | 1 | |
| Slaughterhouse | 1 | |
| Boneyard | 2 | |
22 total
» build order
00:12 Ziggurat
00:14 Crypt
00:39 Altar of Darkness
01:09 Graveyard
01:35 Tomb of Relics
02:00 Ziggurat
02:58 Ziggurat
03:50 Halls of the Dead
04:15 Ziggurat
05:02 Necropolis
06:21 Black Citadel
08:21 Spirit Tower
08:31 Sacrificial Pit
08:33 Slaughterhouse
09:10 Ziggurat
10:37 Boneyard
10:38 Boneyard
10:40 Ziggurat
10:40 Ziggurat
10:41 Ziggurat
15:34 Ziggurat
17:27 Ziggurat
» items
| Rod of Necromancy | 3 | |
| Sacrificial Skull | 1 | |
| Dust of Appearance | 1 | |
| Scroll of Town Portal | 7 | |
| Potion of Healing | 3 | |
| Orb of Corruption | 1 | |
| Scroll of Regeneration | 1 | |
| Orb of Lightning | 1 | |
18 total
Elohim (
blue | 121 APM | 4956 actions | 40:50)
6 Blademaster
2 Wind Walk
3 Critical Strike
1 Bladestorm
4 Shadow Hunter
2 Hex
2 Healing Wave
3 Tauren Chieftain
2 War Stomp
1 Endurance Aura
» actions
| Assign group hotkey | 65 | |
| Basic commands | 117 | |
| Build / train | 97 | |
| ESC pressed | 1 | |
| Enter build submenu | 25 | |
| Enter hero's abilities submenu | 13 | |
| Give item / drop item | 6 | |
| Remove unit from queue | 1 | |
| Right click | 1606 | |
| Select / deselect | 498 | |
| Select group hotkey | 2374 | |
| Use ability | 153 | |
4956 total
» units
| Peon | 10 | |
| Grunt | 4 | |
| Goblin Shredder | 4 | |
| Raider | 1 | |
| Spirit Walker | 3 | |
| Troll Headhunter/Berserker | 5 | |
| Kodo Beast | 1 | |
| Troll Witch Doctor | 4 | |
| Shaman | 3 | |
| Wind Rider | 3 | |
| Tauren | 3 | |
41 total
» upgrades
| Pillage | 1 | |
| Ensnare | 1 | |
| Spirit Walker Training | 2 | |
| Armor | 3 | |
| Witch Doctor Training | 2 | |
| Shaman Training | 2 | |
| War Drums Damage Increase | 1 | |
| Berserker Upgrade | 1 | |
| Ranged Weapons | 2 | |
15 total
» buildings
| Altar of Storms | 2 | |
| Orc Burrow | 16 | |
| Barracks | 1 | |
| Voodoo Lounge | 1 | |
| Stronghold | 1 | |
| Great Hall | 2 | |
| Beastiary | 1 | |
| Spirit Lodge | 2 | |
| War Mill | 1 | |
| Fortress | 2 | |
| Tauren Totem | 1 | |
30 total
» build order
00:03 Altar of Storms
00:07 Altar of Storms
00:19 Orc Burrow
00:38 Barracks
01:28 Orc Burrow
02:00 Voodoo Lounge
03:09 Stronghold
03:51 Great Hall
04:15 Orc Burrow
05:34 Beastiary
06:18 Spirit Lodge
06:55 Orc Burrow
07:40 War Mill
08:39 Fortress
08:39 Fortress
09:25 Spirit Lodge
10:31 Orc Burrow
10:33 Orc Burrow
10:37 Orc Burrow
11:26 Tauren Totem
11:29 Orc Burrow
17:58 Orc Burrow
18:39 Great Hall
20:14 Orc Burrow
20:15 Orc Burrow
20:16 Orc Burrow
20:16 Orc Burrow
20:18 Orc Burrow
25:56 Orc Burrow
26:23 Orc Burrow
» items
| Healing Salve | 8 | |
| Scroll of Speed | 1 | |
| Lesser Clarity Potion | 3 | |
| Scroll of Town Portal | 2 | |
| Orb of Lightning | 1 | |
| Potion of Mana | 1 | |
16 total
SorcerorsLair (
green | 47 APM | 1983 actions | 41:47)
5 Archmage
3 Summon Water Elemental
2 Brilliance Aura
» actions
| Assign group hotkey | 230 | |
| Basic commands | 282 | |
| Build / train | 65 | |
| Enter build submenu | 34 | |
| Enter hero's abilities submenu | 5 | |
| Give item / drop item | 7 | |
| Remove unit from queue | 2 | |
| Right click | 760 | |
| Select / deselect | 332 | |
| Select group hotkey | 154 | |
| Use ability | 112 | |
1983 total
» units
| Peasant | 12 | |
| Footman | 4 | |
| Goblin Shredder | 1 | |
| Gryphon Rider | 12 | |
| Goblin Sapper | 2 | |
31 total
» upgrades
| Animal War Training | 1 | |
| Masonry | 3 | |
| Swords | 3 | |
| Armor | 3 | |
| Storm Hammers | 1 | |
| Cloud | 1 | |
12 total
» buildings
| Altar of Kings | 1 | |
| Barracks | 1 | |
| Farm | 8 | |
| Keep | 1 | |
| Arcane Vault | 1 | |
| Lumber Mill | 2 | |
| Town Hall | 3 | |
| Scout Tower | 11 | |
| Guard Tower | 3 | |
| Castle | 1 | |
| Gryphon Aviary | 4 | |
| Blacksmith | 2 | |
38 total
» build order
00:37 Altar of Kings
00:48 Barracks
00:50 Farm
00:51 Farm
01:05 Farm
01:33 Farm
03:16 Keep
03:46 Arcane Vault
04:13 Lumber Mill
06:32 Town Hall
06:42 Scout Tower
06:42 Scout Tower
06:43 Scout Tower
07:09 Guard Tower
07:40 Farm
07:43 Castle
08:35 Gryphon Aviary
08:36 Gryphon Aviary
08:37 Gryphon Aviary
08:38 Gryphon Aviary
08:52 Blacksmith
08:54 Blacksmith
09:03 Farm
09:49 Farm
11:44 Town Hall
18:10 Scout Tower
18:11 Scout Tower
18:12 Scout Tower
18:13 Scout Tower
18:14 Scout Tower
19:08 Guard Tower
19:12 Lumber Mill
19:52 Town Hall
22:16 Scout Tower
22:16 Scout Tower
22:17 Scout Tower
23:25 Farm
24:47 Guard Tower
» items
| Potion of Healing | 4 | |
| Scroll of Town Portal | 4 | |
| Staff of Teleportation | 1 | |
9 total
Kitlan (
purple | 42 APM | 1749 actions | 41:47)
5 Keeper of the Grove
2 Entangling Roots
3 Thorns Aura
» actions
| Assign group hotkey | 14 | |
| Basic commands | 266 | |
| Build / train | 43 | |
| Enter build submenu | 11 | |
| Enter hero's abilities submenu | 5 | |
| Give item / drop item | 1 | |
| Remove unit from queue | 9 | |
| Right click | 934 | |
| Select / deselect | 312 | |
| Select group hotkey | 77 | |
| Use ability | 73 | |
1749 total
» units
» upgrades
| Strength of the Wild | 2 | |
| Reinforced Hides | 2 | |
| Abolish Magic | 1 | |
5 total
» buildings
| Altar of Elders | 1 | |
| Moon Well | 4 | |
| Ancient of War | 1 | |
| Hunter's Hall | 1 | |
| Tree of Ages | 1 | |
| Ancient of Wonders | 1 | |
| Ancient of Lore | 2 | |
| Tree of Life | 1 | |
12 total
» build order
00:08 Altar of Elders
00:14 Moon Well
00:37 Ancient of War
01:35 Moon Well
03:12 Hunter's Hall
04:44 Moon Well
06:30 Moon Well
06:34 Tree of Ages
08:11 Ancient of Wonders
08:57 Ancient of Lore
08:59 Ancient of Lore
11:09 Tree of Life
» items
team 2 (loser)

»
Rick.Grimes (
teal | 68 APM | 1240 actions | 18:15)
5 Death Knight
3 Death Coil
1 Unholy Aura
1 Death Pact
» actions
| Assign group hotkey | 70 | |
| Basic commands | 10 | |
| Build / train | 50 | |
| Enter build submenu | 15 | |
| Enter hero's abilities submenu | 5 | |
| Right click | 390 | |
| Select / deselect | 186 | |
| Select group hotkey | 473 | |
| Use ability | 41 | |
1240 total
» units
| Acolyte | 3 | |
| Ghoul | 9 | |
| Crypt Fiend | 11 | |
| Obsidian Statue | 4 | |
27 total
» upgrades
| Creature Carapace | 2 | |
| Creature Attack | 3 | |
| Web | 1 | |
| Burrow | 1 | |
| Destroyer Form | 1 | |
| Disease Cloud | 1 | |
9 total
» buildings
| Crypt | 2 | |
| Ziggurat | 6 | |
| Altar of Darkness | 1 | |
| Nerubian Tower | 1 | |
| Halls of the Dead | 1 | |
| Graveyard | 1 | |
| Tomb of Relics | 1 | |
| Slaughterhouse | 2 | |
| Black Citadel | 1 | |
| Spirit Tower | 1 | |
17 total
» build order
00:12 Crypt
00:21 Ziggurat
00:51 Altar of Darkness
01:16 Ziggurat
01:28 Nerubian Tower
02:47 Halls of the Dead
03:22 Graveyard
03:59 Tomb of Relics
04:13 Ziggurat
06:54 Ziggurat
09:34 Slaughterhouse
10:37 Crypt
10:40 Slaughterhouse
10:42 Black Citadel
14:56 Ziggurat
14:59 Ziggurat
17:33 Spirit Tower
» items
| Scroll of Town Portal | 3 | |
| Potion of Healing | 1 | |
4 total

»
General_Tsosdog (
yellow | 52 APM | 1930 actions | 37:27)
3 Priestess of the Moon
1 Searing Arrows
2 Trueshot Aura
» actions
| Assign group hotkey | 26 | |
| Basic commands | 147 | |
| Build / train | 57 | |
| ESC pressed | 4 | |
| Enter build submenu | 35 | |
| Enter hero's abilities submenu | 3 | |
| Right click | 604 | |
| Select / deselect | 448 | |
| Select group hotkey | 515 | |
| Use ability | 63 | |
1930 total
» units
| Wisp | 26 | |
| Dryad | 17 | |
| Troll Batrider | 1 | |
44 total
» upgrades
| Reinforced Hides | 2 | |
| Strength of the Wild | 2 | |
| Abolish Magic | 1 | |
5 total
» buildings
| Moon Well | 11 | |
| Altar of Elders | 2 | |
| Ancient of War | 1 | |
| Tree of Ages | 1 | |
| Hunter's Hall | 1 | |
| Ancient of Lore | 10 | |
| Ancient Protector | 2 | |
| Ancient of Wonders | 1 | |
| Tree of Life | 2 | |
31 total
» build order
00:39 Moon Well
01:22 Altar of Elders
01:45 Ancient of War
01:49 Moon Well
02:23 Moon Well
03:45 Tree of Ages
03:51 Moon Well
04:31 Hunter's Hall
06:13 Moon Well
06:24 Moon Well
06:33 Ancient of Lore
06:36 Ancient of Lore
06:48 Ancient of Lore
06:49 Ancient of Lore
06:56 Ancient of Lore
07:01 Ancient of Lore
07:06 Ancient of Lore
07:33 Ancient of Lore
07:38 Ancient of Lore
07:59 Ancient of Lore
08:34 Moon Well
15:31 Ancient Protector
15:32 Ancient Protector
17:21 Altar of Elders
17:56 Ancient of Wonders
18:04 Tree of Life
20:43 Moon Well
20:44 Moon Well
21:35 Moon Well
26:39 Moon Well
30:26 Tree of Life
» items
| Scroll of Speed | 1 | |
| Potion of Healing | 1 | |
2 total
Orcs (
red | 72 APM | 1310 actions | 18:10)
4 Blademaster
2 Wind Walk
2 Critical Strike
3 Shadow Hunter
1 Hex
2 Healing Wave
» actions
| Assign group hotkey | 46 | |
| Basic commands | 24 | |
| Build / train | 58 | |
| ESC pressed | 2 | |
| Enter build submenu | 16 | |
| Enter hero's abilities submenu | 7 | |
| Give item / drop item | 3 | |
| Right click | 410 | |
| Select / deselect | 206 | |
| Select group hotkey | 452 | |
| Use ability | 86 | |
1310 total
» units
| Peon | 10 | |
| Kodo Beast | 3 | |
| Spirit Walker | 1 | |
| Tauren | 6 | |
| Shaman | 8 | |
| Raider | 1 | |
29 total
» upgrades
| Shaman Training | 2 | |
| Pulverize | 1 | |
| Ensnare | 1 | |
4 total
» buildings
| Orc Burrow | 4 | |
| Altar of Storms | 1 | |
| Barracks | 1 | |
| Voodoo Lounge | 1 | |
| Stronghold | 2 | |
| War Mill | 1 | |
| Fortress | 1 | |
| Beastiary | 1 | |
| Spirit Lodge | 2 | |
| Tauren Totem | 2 | |
| Great Hall | 1 | |
17 total
» build order
00:22 Orc Burrow
00:38 Altar of Storms
01:22 Barracks
02:26 Voodoo Lounge
02:54 Orc Burrow
03:16 Stronghold
03:16 Stronghold
03:19 War Mill
04:07 Orc Burrow
05:00 Orc Burrow
05:46 Fortress
05:56 Beastiary
05:58 Spirit Lodge
06:13 Spirit Lodge
08:20 Tauren Totem
08:22 Tauren Totem
10:38 Great Hall
» items
| Scroll of Town Portal | 3 | |
| Potion of Mana | 1 | |
| Potion of Healing | 3 | |
| Healing Salve | 2 | |
| Lesser Clarity Potion | 1 | |
| Orb of Lightning | 2 | |
12 total
FATFOREHEADLBJ (
orange | 57 APM | 2365 actions | 41:47)
7 Far Seer
3 Feral Spirit
3 Chain Lighting
1 Earth Quake
» actions
| Assign group hotkey | 110 | |
| Basic commands | 49 | |
| Build / train | 67 | |
| Enter build submenu | 26 | |
| Enter hero's abilities submenu | 7 | |
| Give item / drop item | 5 | |
| Right click | 1060 | |
| Select / deselect | 349 | |
| Select group hotkey | 526 | |
| Use ability | 166 | |
2365 total
» units
| Peon | 16 | |
| Grunt | 3 | |
| Goblin Shredder | 3 | |
| Wind Rider | 8 | |
| Troll Batrider | 10 | |
| Goblin Zeppelin | 1 | |
41 total
» upgrades
| Reinforced Defenses | 1 | |
| Envenomed Spears | 1 | |
| Ranged Weapons | 1 | |
3 total
» buildings
| Altar of Storms | 1 | |
| Orc Burrow | 9 | |
| Barracks | 1 | |
| Voodoo Lounge | 3 | |
| Stronghold | 2 | |
| War Mill | 1 | |
| Great Hall | 2 | |
| Watch Tower | 34 | |
| Beastiary | 4 | |
| Fortress | 1 | |
| Nerubian Tower | 1 | |
59 total
» build order
00:08 Altar of Storms
00:19 Orc Burrow
00:39 Barracks
01:25 Orc Burrow
01:57 Voodoo Lounge
02:55 Stronghold
03:45 Orc Burrow
03:58 War Mill
05:11 Great Hall
05:56 Watch Tower
06:17 Beastiary
06:19 Beastiary
07:04 Watch Tower
07:05 Watch Tower
07:57 Fortress
09:34 Orc Burrow
13:22 Great Hall
13:25 Watch Tower
13:25 Watch Tower
13:25 Watch Tower
13:26 Watch Tower
15:47 Watch Tower
15:48 Watch Tower
17:42 Watch Tower
17:42 Watch Tower
17:42 Watch Tower
18:47 Watch Tower
18:47 Watch Tower
18:47 Watch Tower
18:48 Watch Tower
18:48 Watch Tower
18:49 Watch Tower
18:50 Watch Tower
18:50 Watch Tower
18:51 Watch Tower
18:51 Watch Tower
18:52 Watch Tower
19:58 Watch Tower
19:59 Watch Tower
19:59 Watch Tower
19:59 Watch Tower
19:59 Watch Tower
20:01 Stronghold
22:35 Voodoo Lounge
23:40 Watch Tower
23:40 Watch Tower
23:41 Watch Tower
23:41 Watch Tower
23:42 Watch Tower
23:42 Watch Tower
23:43 Nerubian Tower
25:20 Beastiary
25:21 Beastiary
25:56 Orc Burrow
25:56 Orc Burrow
26:29 Voodoo Lounge
26:33 Orc Burrow
26:35 Orc Burrow
26:39 Orc Burrow
» items
| Healing Salve | 3 | |
| Potion of Healing | 1 | |
| Potion of Mana | 1 | |
| Scroll of Town Portal | 2 | |
| Boots of Speed | 1 | |
| Potion of Invisibility | 1 | |
| Potion of Lesser Invulnerability | 1 | |
| Staff of Teleportation | 1 | |
11 total
Chat log
(00:06 / Allies) Orcs: hi
(00:11 / Allies) Orcs: plan?
(00:15 / Allies) Rick.Grimes: wanna rush?
(00:31 / Allies) Orcs: only if its wet
(00:34 / Allies) General_Tsosdog: whatever you all want
(00:39 / All) Rick.Grimes: Lydon Bains Johnson had a fat forehead?
(00:47 / All) Orcs: whos lbs?
(00:51 / All) Orcs: lbj?
(00:55 / All) FATFOREHEADLBJ: yes he was black and also played basketball
(01:12 / All) Rick.Grimes: and former President of the USofA
(01:26 / All) Orcs: he was a virgin
(01:27 / All) Orcs: and a faggot
(01:36 / All) Orcs: id kick his ass
(01:37 / All) Rick.Grimes: i doubt he was either of those
(01:47 / All) Orcs: id assassinate him if i could
(01:57 / All) SorcerorsLair: are you prejudiced against wizards
(02:04 / All) Rick.Grimes: what's stopping you?
(02:07 / All) General_Tsosdog: yes WC3 is the best place to get history information
(02:15 / All) Orcs: yea
(02:20 / All) Orcs: like obama is a nigger
(02:23 / All) Rick.Grimes: if it's coming from me... then yes, it is
(02:46 / All) Rick.Grimes: Obama's ancestors were not American slaves
(02:53 / All) Rick.Grimes: he's black, but he's not a nigger
(03:00 / All) Orcs: hes a nigger
(03:00 / Allies) Rick.Grimes: well... half black
(03:14 / Allies) FATFOREHEADLBJ: teal help me expo brah
(03:34 / Allies) Rick.Grimes: can't you get red to help? he's closer
(03:36 / All) General_Tsosdog: it's actually all chimp just if you go far back enough
(03:44 / Allies) Orcs: hti him
(03:45 / Allies) Orcs: he suck
(03:52 / Allies) Orcs: 3 wisp down
(03:54 / All) Rick.Grimes: we ALL are all 'chimps' when we go back far enough
(04:17 / All) Orcs: cry
(04:39 / Allies) General_Tsosdog: red
(04:41 / Allies) General_Tsosdog: lets kkill
(05:08 / Allies) Orcs: wtf r u doing noob
(05:21 / Allies) Orcs: i will steal drop
(05:21 / Allies) Orcs: dont woryh
(05:31 / All) SorcerorsLair: holy fucking jesus
(05:32 / Allies) Orcs: go
(05:35 / Allies) Orcs: KEEPER
(05:44 / All) SorcerorsLair: 3 of you fucking retards on this side/
(05:51 / All) SorcerorsLair: retard red level 1 harass
(06:36 / Allies) FATFOREHEADLBJ: wood niggas
(06:46 / Allies) Orcs: ce
(06:47 / Allies) Orcs: come
(06:52 / Allies) Orcs: asap guys
(07:10 / Allies) Orcs: coil am
(07:24 / Allies) Orcs: coil kotg
(07:34 / All) SorcerorsLair: why 3 on far righht
(07:43 / Allies) Orcs: b
(08:42 / Allies) Orcs: GO
(10:02 / Allies) Orcs: b
(10:36 / Allies) General_Tsosdog: you all ready to hit?
(10:40 / Allies) Orcs: ya
(10:49 / Allies) Orcs: meet
(10:49 / Allies) Orcs: all
(11:09 / Allies) Orcs: meet?
(11:14 / Allies) Orcs: u stil hqave ghouls
(11:15 / Allies) Orcs: gtfo
(11:33 / Allies) Orcs: whos aa??
(11:44 / Allies) Orcs: y do u stil have ghouls
(11:52 / Allies) Rick.Grimes: i made like 20 of them at the start
(11:57 / Allies) Orcs: and spiders
(11:59 / Allies) Orcs: get betr shit..
(12:03 / Allies) Orcs: wtf
(12:18 / Allies) Orcs: spiders suck
(12:25 / Allies) Rick.Grimes: you just said to get spiders
(13:11 / Allies) General_Tsosdog: leae it
(13:13 / Allies) Orcs: they suck
(13:13 / Allies) General_Tsosdog: lets hit purp top
(13:14 / Allies) Orcs: i will rape them
(13:22 / Allies) Orcs: TP
(13:33 / Allies) Orcs: dude tp
(13:44 / Allies) General_Tsosdog: got none
(13:49 / Allies) Orcs: u guys r garbage
(14:11 / Allies) Orcs: trash kids
(14:19 / Allies) Orcs: tp idiots
(14:19 / Allies) Orcs: repair
(14:21 / Allies) Orcs: do somthing moron
(14:28 / Allies) Orcs: slow boy
(14:44 / Allies) Orcs: ur fucking horrid
(14:58 / Allies) Orcs: mauin him
(15:13 / All) Orcs: gg
(15:47 / Allies) General_Tsosdog: what oj doing?
(15:50 / Allies) Orcs: hes afk
(15:54 / Allies) General_Tsosdog: oh
(15:59 / Allies) Orcs: oj come
(16:10 / Allies) General_Tsosdog: got spare gold anyone?
(16:13 / Allies) General_Tsosdog: they going to get siege
(16:13 / Allies) General_Tsosdog: and i need some giants
(16:14 / Allies) Orcs: they comig behind
(16:50 / Allies) Orcs: thnx oj
(16:53 / Allies) Rick.Grimes: i'm b
(16:55 / Allies) Orcs: moron
(17:21 / Allies) Orcs: oj u blow
(17:24 / Allies) Rick.Grimes: spare gold?
(17:35 / All) Orcs: gg nerds
(17:37 / All) Orcs: lucky oj sucks dick
(20:45 / All) peaceoff: well, gg
(21:40 / Allies) FATFOREHEADLBJ: GO YELLOW
(24:30 / All) General_Tsosdog: no freezing breath duz too much wood?
(28:24 / All) General_Tsosdog: kill the lich!
(28:49 / All) General_Tsosdog: damn owned by green
(29:05 / All) FATFOREHEADLBJ: blue
(29:08 / All) FATFOREHEADLBJ: ur a nigger try hard
(29:16 / All) Elohim: im #1
(29:22 / All) Elohim: i dont try very hard
(29:26 / All) Elohim: ez rake
(30:35 / All) SorcerorsLair: whoops
(30:41 / All) Elohim: gonna lose
(31:06 / All) FATFOREHEADLBJ: i dont know why my retarded team was hell bent on attacking right
(31:23 / All) Elohim: u lose cuz u tower
(31:44 / All) peaceoff: well, that is for me
(31:53 / All) Elohim: ye imma
(31:54 / All) Elohim: afk
(32:00 / All) Elohim: till green decide to lose or win
(32:02 / All) FATFOREHEADLBJ: u guys arent going afk
(32:04 / All) FATFOREHEADLBJ: lol
(32:06 / All) FATFOREHEADLBJ: u never do
(32:15 / All) Elohim: gonna bladestorm ur tower first
(33:06 / All) FATFOREHEADLBJ: u can leave mr blue
(33:07 / All) SorcerorsLair: this was a close one
(33:08 / All) FATFOREHEADLBJ: or "afk"
(33:18 / Allies) General_Tsosdog: can i have 45 g?
(33:21 / All) FATFOREHEADLBJ: sure
(33:22 / All) SorcerorsLair: for whatever reason your team didn't finish killing my expo
(33:42 / All) FATFOREHEADLBJ: i swear ur expo didnt even show up til we wre kiling purps base
(33:45 / Allies) General_Tsosdog: you idiot that's my tree
(33:53 / All) SorcerorsLair: they were already attacking it before dat
(34:06 / All) SorcerorsLair: if they killed the expo it'd be game over
(34:13 / All) FATFOREHEADLBJ: they wouldnt listen and i had no affect on that battle where they pushed i didnt do anything
(34:22 / All) FATFOREHEADLBJ: i assumed u were gonna expo top middle
(34:31 / All) FATFOREHEADLBJ: i think red hacked
(35:09 / All) SorcerorsLair: why was yellow teal and red all at my far right expo
(35:17 / All) FATFOREHEADLBJ: red kept pinging there
(35:31 / All) FATFOREHEADLBJ: i pinged pinks expo and they ignored me
(35:53 / All) SorcerorsLair: pink was creeping bottom mid expo nearby instead of helping against your team
(36:23 / All) FATFOREHEADLBJ: no he was in teh battle when they killed purps base
(36:24 / All) SorcerorsLair: I was hoping for level 6 but I had to just tp out and kil lblues burrows
(36:28 / All) FATFOREHEADLBJ: i tried to nuke his hero
(36:30 / All) SorcerorsLair: then he tried to kill my base lawl
(36:36 / All) SorcerorsLair: so I killed all his stuff
(36:39 / All) SorcerorsLair: he played that stupid
(36:45 / All) SorcerorsLair: he had invul pot on bm and still didn't run it away
(37:29 / All) SorcerorsLair: aw
(37:32 / All) SorcerorsLair: there goes the standoff
(37:39 / All) FATFOREHEADLBJ: good i wanted blue to lose
(37:59 / All) SorcerorsLair: I didn't even see blue going for your expo
(38:08 / All) SorcerorsLair: since I was concentrated on getting one
(38:19 / All) FATFOREHEADLBJ: that is understandable
(39:01 / All) SorcerorsLair: If pink and blue worked together they easily would have beat me
(39:11 / All) SorcerorsLair: I don't think pink realized what was happening
(39:31 / All) FATFOREHEADLBJ: yellow was completely unrealiable he had a million dryads but never did what i wanted
(40:58 / All) SorcerorsLair: he sure was afk
(41:00 / All) FATFOREHEADLBJ: i vote ur team loses
(41:08 / All) SorcerorsLair: purple is still here
(41:10 / All) SorcerorsLair: but
(41:12 / All) SorcerorsLair: he's 3-8
(41:22 / All) SorcerorsLair: We should be nice and let him get a win since he actually tried helping me
(41:34 / All) FATFOREHEADLBJ: that is fair
(41:37 / All) SorcerorsLair: and he sucks anyawy
(41:45 / All) SorcerorsLair: Alright purple this is your lucky day